 Dungeon Crawl Stone Soup version 0.27-a0-1140-g099f9bb0e8 (webtiles) character file.

Game seed: 15434578396185254238

20 Vomitron the Digger (level 2, 0/17 HPs)
             Began as an Octopode Earth Elementalist on May 9, 2021.
             Slain by a hobgoblin (3 damage)
             ... on level 1 of the Dungeon.
             The game lasted 00:01:20 (1315 turns).

Vomitron the Digger (Octopode Earth Elementalist)   Turns: 1315, Time: 00:01:20

Health: 0/17       AC:  1    Str:  7    XL:     2   Next: 79%
Magic:  3/5        EV: 13    Int: 17    God:
Gold:   28         SH:  0    Dex: 12    Spells: 4/5 levels left

rFire    . . .     SeeInvis .   (no weapon)
rCold    . . .     Faith    .   (no shield)
rNeg     . . .     Spirit   .   (helmet restricted)
rPois    .         Reflect  .   (no amulet)
rElec    .         Harm     .   (no ring)
rCorr    .         Rampage  .   (no ring)
Will     .....                  (no ring)
Stlth    +++.......             (no ring)
HPRegen  0.05/turn              (no ring)
MPRegen  0.09/turn              (no ring)
                                (no ring)
                                (no ring)

@: no status effects
A: almost no armour, amphibious, 8 rings, camouflage 1, gelatinous body 1,
(nimble swimmer 1), tentacles
a: no special abilities


You were on level 1 of the Dungeon.
You visited 1 branch of the dungeon, and saw 2 of its levels.

You collected 28 gold pieces.

Inventory:

Missiles
 b - 73 stones
Scrolls
 c - a scroll of magic mapping {unknown}
 e - a scroll of torment {unknown}
Potions
 a - a potion of lignification {unknown}
 d - a potion of curing {unknown}
 f - a potion of attraction {unknown}


   Skills:
 - Level 2.0 Dodging
 + Level 3.2 Stealth
 + Level 2.2 Spellcasting
 - Level 1.0 Transmutations
 * Level 3.5 Earth Magic


You had 4 spell levels left.
You knew the following spells:

 Your Spells              Type           Power      Damage    Failure   Level
a - Sandblast             Erth           26%        2d8       4%          1

Your spell library contained the following spells:

 Spells                   Type           Power      Damage    Failure   Level
 Passwall                 Tmut/Erth      7%         N/A       11%         2
 Stone Arrow              Conj/Erth      14%        3d7       28%         3
 Petrify                  Tmut/Erth      9%         N/A       58%         4
 Lee's Rapid Deconstruct  Erth           6%         3d7*      77%         5


Dungeon Overview and Level Annotations

Branches:
Dungeon (2/15)

Altars:

Annotations:
D:2 Sigmund


Innate Abilities, Weirdness & Mutations

You cannot wear most types of armour.
You are amphibious.
You can wear up to eight rings at the same time.
Your skin changes colour to match your surroundings (Stealth+).
Your rubbery body absorbs attacks. (AC +1, EV +1)
((You are camouflaged near water. (Stealth+)))
You have tentacles for arms and can constrict up to eight enemies at once.


Message History

Press: ? - help, Shift-Dir - straight line, f - hobgoblin
Aim: a hobgoblin (79% to hit)
Okay, then.
Sigmund points at you and mumbles some strange words.
The puff of flame hits you.
Casting: Sandblast (safe; 4% risk of failure)
Confirm with . or Enter, or press ? or * to list all spells.
Aiming: Sandblast (safe; 4% risk of failure)
Press: ? - help, Shift-Dir - straight line, f - Sigmund
Aim: Sigmund, wielding a +0 scythe and wearing a +0 robe (77% to hit)
You miscast Sandblast.
You are very lightly contaminated with residual magic.
Nothing appears to happen.
Unknown command.
Unknown command.
The hobgoblin closely misses you. Sigmund misses you.
Sigmund closely misses you.
There is a stone staircase leading up here.
The hobgoblin hits you. Sigmund misses you.
You climb upwards.
There is a stone staircase leading down here.
Unknown command.
Unknown command.
Casting: Sandblast (safe; 4% risk of failure)
Confirm with . or Enter, or press ? or * to list all spells.
Aiming: Sandblast (safe; 4% risk of failure)
Press: ? - help, Shift-Dir - straight line, f - hobgoblin
Aim: a hobgoblin (79% to hit)
The blast of sand hits the hobgoblin but does no damage.
The hobgoblin hits you.
* * * LOW HITPOINT WARNING * * *
Your magical contamination has completely faded away.
Unknown command.
Casting: Sandblast (safe; 4% risk of failure)
Confirm with . or Enter, or press ? or * to list all spells.
Aiming: Sandblast (safe; 4% risk of failure)
Press: ? - help, Shift-Dir - straight line, f/p - hobgoblin
Aim: a hobgoblin (79% to hit)
The blast of sand misses the hobgoblin.
The hobgoblin hits you.
You die...

......#########...##
###.####.#.# ......### ##.##
#.# #.#.# ........# #.# #.#
#.#.# .##.###.# #.# #.#
#.#.# #.#.# #.# #.# #.#
#.#(# .##.# #.# #.# #.#
#.#.# ....# #.# #.# #.#
#.... .#### #.# #g# #.#
###.. .######.########@#
##.## ###
..............##.######...##
#
#######...###.##...........#
# # ###.# #.#########...## #
# ##.###.# ########.## # #
##.#.##.# #........# # #
#.###...###.######## #
#######..#.##.##...## #
........#.###.#)....##### #


You could see a hobgoblin.

Vanquished Creatures
  4 goblins (D:1)
  A hobgoblin (D:1)
  5 jackals (D:1)
  3 kobolds (D:1)
  A ball python (D:1)
  2 frilled lizards (D:1)
  2 rats (D:1)
18 creatures vanquished.

Notes
Turn   | Place    | Note
-------+----------+-------------------------------------------
     0 | D:1      | Vomitron the Octopode Earth Elementalist began the quest
                  | for the Orb.
     0 | D:1      | Reached XP level 1. HP: 11/11 MP: 3/3
   366 | D:1      | Reached XP level 2. HP: 12/17 MP: 5/5
  1296 | D:1      | You fall into a shaft and drop 1 floor!
  1296 | D:2      | Noticed Sigmund
  1315 | D:1      | Slain by a hobgoblin

Illustrated notes

Levels and vault maps discovered:
D:1:      lightli_arrival_noodles, layout_loops_ring
D:2:      layout_rooms, ebering_ecumenical_altar_box, uniq_sigmund

Skill      XL: |  1 |
---------------+----+-----
Stealth        | 3 |  3.2
Dodging        | |  2.0
Spellcasting   | |  2.2
Transmutations | |  1.0
Earth Magic    | |  3.5

Action                   || total
-------------------------++-------
Melee: Unarmed           ||    39
       Tentacles         ||     7
       Constrict         ||    12
 Cast: Sandblast         ||     9
 Stab: Sleeping          ||     1
Armor: Skin              ||     2
Dodge: Dodged            ||    24

Table legend: (Time is in decaauts)
 A = Elapsed time spent in this place.
 B = Non-inter-level travel time spent in this place.
 C = Inter-level travel time spent in this place.
 D = Time resting spent in this place.
 E = Time spent auto-exploring this place.
 F = Levels seen in this place.
 G = Mean time per level.
                   A        B        C        D        E       F      G
               +--------+--------+--------+--------+--------+-----+--------+
         Total |   1315 |   1315 |      0 |    414 |    768 |   2 |  657.5 |
       Dungeon |   1315 |   1315 |      0 |    414 |    768 |   2 |  657.5 |
               +--------+--------+--------+--------+--------+-----+--------+

Top non-repeatable levels by time:
     D:1: 1307 daAuts
     D:2: 7 daAuts
